 Dungeon Crawl Stone Soup version 0.28.0-43-g3370ac3207 (webtiles) character file.

Game seed: 16653379317446969887

264 sking99 the Ruffian (level 5, 0/51 (53) HPs)
             Began as a Troll Monk on Mar 17, 2022.
             Was a Priest of Zin.
             Slain by a wight
             ... wielding a +0 great sword
              (13 damage)
             ... on level 5 of the Dungeon.
             The game lasted 00:03:02 (2740 turns).

sking99 the Ruffian (Troll Monk)                    Turns: 2740, Time: 00:03:03

HP:   0/51 (53)     AC:  4    Str: 21    XL:     5   Next: 98%
MP:   5/5           EV: 10    Int:  6    God:    Zin [***...]
Gold: 219           SH:  0    Dex: 12    Spells: 4/4 levels left

rFire   . . .      SeeInvis .     - Unarmed
rCold   . . .      Faith    .   (no shield)
rNeg    . . .      Spirit   .   a - +0 robe
rPois   .          Reflect  .   (helmet restricted)
rElec   .          Harm     .   (no cloak)
rCorr   .          Rampage  .   (gloves unavailable)
Will    .....                   (boots unavailable)
Stlth   ++........              (no amulet)
HPRegen 0.97/turn               (no ring)
MPRegen 0.09/turn               (no ring)

@: lightly drained
A: large, unfitting armour, claws 3, regeneration 1, shaggy fur 1, tough skin 1
a: Renounce Religion, Recite, Vitalisation, Imprison, Donate Gold


You were on level 5 of the Dungeon.
You worshipped Zin.
Zin was most pleased with you.
You visited 1 branch of the dungeon, and saw 5 of its levels.

You collected 243 gold pieces.
You donated 24 gold pieces to Zin.

Inventory:

Missiles
 c - a throwing net (quivered)
Armour
 a - a +0 robe (worn)
Jewellery
 d - a ring of poison resistance
 l - a ring of protection from fire
Wands
 q - a wand of charming (2)
Scrolls
 b - 3 scrolls of identify {unknown}
 e - a scroll of enchant weapon {unknown}
 g - a scroll of vulnerability {unknown}
 h - a scroll of fog {unknown}
 k - a scroll of blinking {unknown}
 n - a scroll of summoning {unknown}
 o - a scroll of immolation {unknown}
 p - a scroll of noise {unknown}
Potions
 f - 2 potions of resistance {unknown}
 i - 2 potions of attraction {unknown}
 j - a potion of degeneration {unknown}
 m - a potion of mutation {unknown}


   Skills:
 + Level 3.5 Fighting
 - Level 2.4 Dodging
 - Level 1.0 Stealth
 * Level 5.4 Unarmed Combat
 + Level 1.7 Invocations


You had 4 spell levels left.
You didn't know any spells.
Your spell library contained the following spells:

 Spells                   Type           Power      Damage    Failure   Level
 Gell's Gravitas          Tloc           0%         N/A       83%         3
 Teleport Other           Tloc           0%         N/A       83%         3
 Fireball                 Conj/Fire      0%         3d3       100%        5
 Iskenderun's Battlesphe  Conj           0%         2d6       100%        5
 Conjure Ball Lightning   Conj/Air       0%         3x3d6     100%        6
 Dispersal                Tloc           0%         N/A       100%        6
 Orb of Destruction       Conj           0%         9d5       100%        7


Dungeon Overview and Level Annotations

Branches:
Dungeon (5/15)
 Temple: D:4-7

Altars:
Kikubaaqudgha
Zin

Shops:
D:3 :


Innate Abilities, Weirdness & Mutations

You are too large for most types of armour.
You have claws for hands.
Your natural rate of healing is unusually fast.
You are covered in fur. (AC +1)
You have tough skin. (AC +1)


Message History

No target in view!
You pay a tithe of 2 gold.
You now have 219 gold pieces (gained 14).
q - a wand of charming (2)
A wight comes into view. It is wielding a +0 trident.
An ufetubus and a wight come into view.
The ufetubus hits you. The ufetubus closely misses you.
You barely miss the ufetubus. The ufetubus hits you.
The ufetubus hits you but does no damage.
You closely miss the ufetubus.
The ufetubus hits you but does no damage.
The ufetubus closely misses you. The wight closely misses you.
The ufetubus hits you but does no damage.
The ufetubus closely misses you.
You barely miss the ufetubus.
The wight hits you from afar with a +0 trident!
The ufetubus closely misses you. The ufetubus barely misses you.
You closely miss the ufetubus. The ufetubus closely misses you.
The ufetubus barely misses you. The wight closely misses you.
The ufetubus misses you. The ufetubus hits you. The ufetubus barely misses you.
The ufetubus closely misses you.
The ufetubus hits you but does no damage.
The ufetubus barely misses you.
The wight hits you from afar with a +0 trident!
You feel drained. The wight closely misses you.
You miss the ufetubus. The ufetubus barely misses you.
The ufetubus closely misses you.
The wight hits you from afar with a +0 trident.
The wight closely misses you. The ufetubus barely misses you.
The ufetubus misses you.
You closely miss the ufetubus. The wight barely misses you.
The ufetubus hits you.
The ufetubus hits you but does no damage.
The wight hits you with a +0 great sword!
* * * LOW HITPOINT WARNING * * *
You claw the ufetubus!
You kill the ufetubus!
The wight hits you but does no damage.
The wight hits you with a +0 great sword!
You die...

... ######## ....
#......# ... #......#
##.# #......####.#
.#...$..##...#
........#....#
...#..#z.@...#
.......z....#
...#....###..# .
.........##..###+++###..
..............##......
......##............###
................#.#...#
..#....................
##....#####...[....


You could see 2 wights.

Vanquished Creatures
  An ogre (D:4)
  A jelly (D:4)
  An orc wizard (D:4)
  2 adders
  A howler monkey skeleton (D:4)
  An ufetubus (D:5)
  A worm (D:3)
  6 dart slugs
  9 orcs
  6 ball pythons
  4 bats
  6 endoplasms
  3 giant cockroaches
  12 goblins
  4 hobgoblins
  5 kobolds
  3 quokkas
  2 frilled lizards
  7 rats
75 creatures vanquished.

Vanquished Creatures (others)
  2 toadstools (D:1)
2 creatures vanquished.

Grand Total: 77 creatures vanquished

Notes
Turn   | Place    | Note
-------+----------+-------------------------------------------
     0 | D:1      | sking99 the Troll Monk began the quest for the Orb.
     0 | D:1      | Reached XP level 1. HP: 22/22 MP: 0/0
   257 | D:1      | Reached XP level 2. HP: 29/29 MP: 1/1
   592 | D:1      | Found a faded altar of an unknown god.
   817 | D:1      | Reached XP level 3. HP: 36/36 MP: 2/2
  1108 | D:2      | Reached skill level 4 in Unarmed Combat
  1438 | D:3      | Found Cemuhic's Book Shop.
  1558 | D:3      | Reached XP level 4. HP: 45/45 MP: 3/3
  1836 | D:3      | Found an ancient bone altar of Kikubaaqudgha.
  1836 | D:3      | Found a glowing silver altar of Zin.
  1872 | D:3      | Became a worshipper of Zin the Law-Giver
  1872 | D:3      | Reached * piety under Zin
  1872 | D:3      | Reached ** piety under Zin
  2140 | D:4      | Reached XP level 5. HP: 52/53 MP: 4/4
  2349 | D:4      | Reached *** piety under Zin
  2372 | D:4      | Noticed an ogre
  2381 | D:4      | Reached skill level 1 in Invocations
  2396 | D:4      | Killed an ogre
  2397 | D:4      | Reached skill level 5 in Unarmed Combat
  2706 | D:5      | Entered Level 5 of the Dungeon
  2740 | D:5      | Slain by a wight

Illustrated notes

Levels and vault maps discovered:
D:1:      minmay_arrival_loop, layout_loops_ring,
          hellmonk_ecumenical_altar_lost_god, minmay_gold_behind_fungi,
          minmay_misc_feat_encased
D:2:      layout_rooms
D:3:      layout_loops_cross, mainiacjoe_overflow_divided_tiny, serial_shops,
          nicolae_shop_crystal
D:4:      layout_loops_ring, minmay_ogre_servants
D:5:      layout_rooms, amcnicky_altar_gilded, mainiacjoe_overflow_alcove_4,
          hex_medium

Skill      XL: |  1  2  3  4  5 |
---------------+----------------+-----
Unarmed Combat | 4 5 |  5.4
Fighting       | 3 |  3.5
Invocations    | 1 |  1.7
Dodging        | |  2.4
Stealth        | |  1.0

Action                   |  1- 3 |  4- 6 || total
-------------------------+-------+-------++-------
Melee: Unarmed           |    86 |    63 ||   149
       Punch             |     2 |     3 ||     5
 Stab: Sleeping          |     3 |     3 ||     6
Armor: Robe              |    18 |    14 ||    32
Dodge: Dodged            |    32 |    35 ||    67
